 Dungeon Crawl Stone Soup version 0.27.1-4-g1640c2035a (webtiles) character file.

Game seed: 6107283680741094586

97 scsoc the Skirmisher (level 4, -7/36 HPs)
             Began as a Demonspawn Abyssal Knight on Nov 3, 2021.
             Was a Follower of Lugonu.
             Mangled by a gnoll (12 damage)
             ... on level 3 of the Dungeon.
             The game lasted 00:07:07 (2854 turns).

scsoc the Skirmisher (Demonspawn Abyssal Knight)    Turns: 2854, Time: 00:07:08

Health: -7/36      AC:  9    Str: 10 (13) XL:     4   Next: 42%
Magic:  6/6        EV:  7    Int: 16      God:    Lugonu [*.....]
Gold:   98         SH:  3    Dex: 11 (12) Spells: 3/3 levels left

rFire    . . .     SeeInvis .   a - +1 falchion
rCold    . . .     Faith    .   f - +0 buckler
rNeg     + . .     Spirit   .   c - +0 scale mail
rPois    .         Reflect  .   e - +1 helmet
rElec    .         Harm     .   (no cloak)
rCorr    .         Rampage  .   d - +0 pair of gloves
Will     .....                  (no boots)
Stlth    ..........             (no amulet)
HPRegen  0.12/turn              g - ring of positive energy
MPRegen  0.10/turn              (no ring)

@: no status effects
A: demonic guardian 1, foul stench 1, big brain 1
a: Renounce Religion, Depart the Abyss


You were on level 3 of the Dungeon.
You worshipped Lugonu.
Lugonu was aware of your devotion.
You visited 1 branch of the dungeon, and saw 3 of its levels.
You visited the Abyss 1 time.

You collected 98 gold pieces.

Inventory:

Hand Weapons
 a - a +1 falchion (weapon)
Armour
 c - a +0 scale mail (worn)
 d - a +0 pair of gloves (worn)
 e - a +1 helmet (worn)
 f - a +0 buckler (worn)
Jewellery
 g - a ring of positive energy (left hand)
Potions
 b - 2 potions of flight


   Skills:
 + Level 3.6 Fighting
 + Level 3.3 Long Blades
 + Level 2.2 Armour
 + Level 1.0 Dodging
 + Level 0.1 Stealth
 + Level 2.9 Invocations


You had 3 spell levels left.
You didn't know any spells.
Your spell library contained the following spells:

 Spells                   Type           Power      Damage    Failure   Level
 Sting                    Tmut/Pois      0%         1d3       95%         1
 Poisonous Vapours        Pois/Air       0%         N/A       99%         2
 Conjure Flame            Conj/Fire      0%         6-21      100%        3
 Ignite Poison            Fire/Tmut/Pois 0%         N/A       100%        3
 Olgreb's Toxic Radiance  Pois           0%         N/A       100%        4
 Sticky Flame             Conj/Fire      0%         2d3       100%        4


Dungeon Overview and Level Annotations

Branches:
Dungeon (3/15)

Altars:

Shops:
D:1 :   D:2 (

Annotations:
D:3 Ijyb


Innate Abilities, Weirdness & Mutations

A weak demonic guardian rushes to your aid.
You may rarely emit foul miasma when damaged in melee.
You have an unusually large brain. (Int +2)


Message History

Something barely misses your ufetubus.
The gnoll hits your ufetubus from afar with a +0 halberd.
The gnoll hits your ufetubus with a +0 halberd!
Your ufetubus dies!
A frilled lizard comes into view.
Okay, then.
As you read the scroll labelled RIAFON FAEGRATH, it crumbles to dust.
It is a scroll of identify.
You don't have any unidentified items.
A hobgoblin comes into view.
Found 13 gold pieces.
The hobgoblin shouts!
You block the hobgoblin's attack.
You barely miss the hobgoblin. The hobgoblin barely misses you.
The gnoll hits you from afar with a +0 halberd.
The hobgoblin hits you but does no damage.
Ijyb the Twisted Goblin comes into view.
She is wielding a +0 club and carrying a wand of flame (9).
You closely miss the hobgoblin.
Ijyb shouts!
The gnoll hits you from afar with a +0 halberd.
The hobgoblin hits you.
You aren't carrying any scrolls.
Okay, then.
The gnoll hits you with a +0 halberd.
You hit the hobgoblin.
The hobgoblin is almost dead.
The gnoll completely misses you.
You riposte.
You hit the gnoll but do no damage.
The gnoll is heavily wounded.
The hobgoblin hits you but does no damage.
The gnoll hits you but does no damage.
You hit the hobgoblin.
You kill the hobgoblin!
Lugonu accepts your kill. The gnoll hits you with a +0 halberd.
* * * LOW HITPOINT WARNING * * *
You hit Ijyb but do no damage.
Ijyb zaps a wand.
The puff of flame hits you.
* * * LOW HITPOINT WARNING * * *
A demonic guardian appears!
The gnoll hits you with a +0 halberd!
You die...

#.# #.# #.. #.#
#.# ### #.#
#.##### #.#
#...... #.#
####### #####
##
###########...#
##.
#.....5g@glg..#
#..
...$#######...#
#.. . ##.## #.#
#.# #.# #.# #.#
#l# ####.# #.#
#..... #g#
#....#
#####.#####
#.####


You could see Ijyb (ally target), 2 gnolls, a frilled lizard and a friendly
white imp (summoned).

Vanquished Creatures
  3 gnolls
  2 adders (D:2)
  2 dart slugs
  5 endoplasms
  2 giant cockroaches (D:1)
  4 goblins
  4 hobgoblins
  2 jackals (D:3)
  4 quokkas
  7 ball pythons
  3 bats
  2 frilled lizards
  4 kobolds
  4 rats
48 creatures vanquished.

Notes
Turn   | Place    | Note
-------+----------+-------------------------------------------
     0 | Abyss:1  | scsoc the Demonspawn Abyssal Knight began the quest for the
                  | Orb.
     0 | Abyss:1  | Reached XP level 1. HP: 18/18 MP: 2/2
    22 | Abyss:1  | Found a corrupted altar of Lugonu.
    29 | Abyss:1  | Found a corrupted altar of Lugonu.
    40 | Abyss:1  | Found a corrupted altar of Lugonu.
   133 | Abyss:1  | Found a bloodstained altar of Trog.
   199 | Abyss:1  | Noticed a neqoxec
   200 | D:1      | Escaped the Abyss
   443 | D:1      | Gained mutation: You may rarely emit foul miasma when
                  | damaged in melee. [demonic ancestry]
   443 | D:1      | Reached XP level 2. HP: 24/24 MP: 4/4
   547 | D:1      | Found Cein's Book Emporium.
   683 | D:1      | Reached * piety under Lugonu
  1014 | D:1      | Gained mutation: You have an unusually large brain. (Int
                  | +2) [demonic ancestry]
  1014 | D:1      | Reached XP level 3. HP: 16/29 MP: 5/5
  1663 | D:2      | Found Zihuv's Weapon Shoppe.
  2005 | D:2      | Gained mutation: A weak demonic guardian rushes to your
                  | aid. [demonic ancestry]
  2005 | D:2      | Reached XP level 4. HP: 36/36 MP: 6/6
  2092 | D:2      | Found a faded altar of an unknown god.
  2495 | D:3      | Reached skill level 1 in Dodging
  2849 | D:3      | Noticed Ijyb
  2854 | D:3      | Mangled by a gnoll

Illustrated notes

Levels and vault maps discovered:
D:1:      minmay_arrival_open_corners, layout_loops_ring, serial_shops, shop
D:2:      layout_basic, chequers_ecumenical_altar_grove, serial_shops, shop
D:3:      layout_loops_corners, uniq_ijyb

Skill      XL: |  1  2  3  4 |
---------------+-------------+-----
Armour         | 2 |  2.2
Long Blades    | 2 3 |  3.3
Dodging        | 1 |  1.0
Fighting       | |  3.6
Stealth        | |  0.1
Invocations    | |  2.9

Action                   |  1- 3 |  4- 6 || total
-------------------------+-------+-------++-------
Melee: Falchion          |    97 |    34 ||   131
Invok: Depart the Abyss  |     1 |       ||     1
  Use: Potion            |     1 |     4 ||     5
       Scroll            |       |     1 ||     1
Armor: Scale mail        |    42 |    16 ||    58
Dodge: Dodged            |    45 |    11 ||    56
Block: Buckler           |       |     3 ||     3
       Rpst.: Falchion   |    11 |     2 ||    13
